 Dungeon Crawl Stone Soup version 0.17-a0-1534-gf98da79 (webtiles) character file.

122 Lathuz the Conjurer (level 4, 0/24 HPs)
             Began as a Deep Elf Conjurer on July 17, 2015.
             Slain by a worker ant (1 damage)
             ... on level 3 of the Dungeon.
             The game lasted 00:13:09 (2970 turns).

Lathuz the Conjurer (Deep Elf Conjurer)             Turns: 2970, Time: 00:13:09

Health: 0/24       AC:  2    Str:  6    XL:     4   Next: 78%
Magic:  0/10       EV: 13    Int: 20    God:
Gold:   74         SH:  0    Dex: 15    Spells: 2 memorised, 6 levels left

rFire  . . .     SeeInvis .     (no weapon)
rCold  . . .     Clarity  .     a - +0 robe
rNeg   . . .     SustAt   .     (no shield)
rPois  .         Gourm    .     (no helmet)
rElec  .         Spirit   .     (no cloak)
rCorr  .         Warding  .     (no gloves)
rMut   .         Stasis   .     (no boots)
MR     .....                    (no amulet)
Stlth  +++.......               i - ring of stealth
                                h - +5 ring of slaying

@: lethally poisoned (0 -> -9), not resistant to hostile enchantments, fairly
stealthy
A: no striking features
a: no special abilities


You were on level 3 of the Dungeon.
You were not hungry.

You visited 1 branch of the dungeon, and saw 3 of its levels.

You collected 74 gold pieces.

Inventory:

Missiles
 q - 68 stones (quivered)
Armour
 a - a +0 robe (worn)
Jewellery
 h - a +5 ring of slaying (left hand)
 i - a ring of stealth (right hand)
 t - an uncursed ring of protection from cold {unknown}
Scrolls
 e - a scroll of fear {unknown}
 f - a scroll of identify {unknown}
 g - 2 scrolls of fog {unknown}
 k - 2 scrolls of remove curse {unknown}
 l - a scroll of blinking {unknown}
 m - a scroll of recharging {unknown}
Potions
 d - a potion of degeneration {unknown}
 j - a potion of heal wounds {unknown}
 o - 2 potions of curing {unknown}
 s - 2 potions of beneficial mutation {unknown}
Books
 b - a book of Conjurations

   Spells                             Type                      Level
   a - Magic Dart                     Conjuration                  1
   b - Searing Ray                    Conjuration                  2
   c - Dazzling Spray                 Conjuration/Hexes            3
   d - Fulminant Prism                Conjuration/Hexes            4
   e - Iskenderun's Mystic Blast      Conjuration                  4
   f - Iskenderun's Battlesphere      Conjuration/Charms           5
 n - a book of Alchemy

   Spells                             Type                      Level
   a - Sublimation of Blood           Necromancy                   2
   b - Ignite Poison                  Fire/Transmutation/Poison    3
   c - Alistair's Intoxication        Transmutation/Poison         4
   d - Condensation Shield            Ice                          4
   e - Petrify                        Transmutation/Earth          4
   f - Irradiate                      Conjuration/Transmutation    5
 r - a book of Hinderance

   Spells                             Type                      Level
   a - Confusing Touch                Hexes                        2
   b - Confuse                        Hexes                        3
   c - Gell's Gravitas                Hexes/Translocation          3
   d - Petrify                        Transmutation/Earth          4
   e - Metabolic Englaciation         Hexes/Ice                    5
Comestibles
 c - 2 bread rations


   Skills:
 - Level 2.4 Dodging
 - Level 2.4 Stealth
 - Level 3.0 Spellcasting
 + Level 6.8 Conjurations


You had 6 spell levels left.
You knew the following spells:

 Your Spells              Type           Power        Failure   Level  Hunger
a - Magic Dart            Conj           ####         1%          1    None
b - Searing Ray           Conj           ####..       1%          2    ##.....


Dungeon Overview and Level Annotations

Branches:
Dungeon (3/15)

Altars:
Nemelex Xobeh


Message History

Press: ? - help, Shift-Dir - straight line, f - worker ant
Aim: a worker ant The magic dart hits the worker ant.
The worker ant bites you.
* * * LOW HITPOINT WARNING * * *
The worker ant barely misses you.
You hit the worker ant.
The worker ant is moderately wounded.
The worker ant bites you.
* * * LOW HITPOINT WARNING * * *
You are lethally poisoned!
The worker ant poisons you!
You hit the worker ant.
The worker ant is moderately wounded.
* * * LOW HITPOINT WARNING * * *
You feel sick. The worker ant closely misses you.
You hit the worker ant but do no damage.
The worker ant is moderately wounded.
* * * LOW HITPOINT WARNING * * *
You feel sick. The worker ant bites you.
You die...

... ..#### ......
#.#.. #.... #.#.#
#.#.# ##(#.#
#@#..#######
#†a###.......#
...)# #..#####.#
##### #.#.#####.#
...#.).....#######
###
#######.)......
#..####### #.##
#.#


You could see a worker ant.

Vanquished Creatures
  Ijyb (D:3)
  Robin (D:3)
  4 adders (D:2)
  A giant gecko (D:2)
  2 orcs (D:3)
  2 ball pythons (D:2)
  4 bats
  A giant cockroach (D:1)
  7 goblins
  5 hobgoblins
  2 quokkas (D:2)
  5 giant newts
  9 kobolds
  8 rats
52 creatures vanquished.

Notes
Turn   | Place    | Note
--------------------------------------------------------------
     0 | D:1      | Lathuz the Deep Elf Conjurer began the quest for the Orb.
     0 | D:1      | Reached XP level 1. HP: 10/10 MP: 6/6
   227 | D:1      | Reached XP level 2. HP: 15/15 MP: 5/8
   312 | D:1      | Reached skill level 5 in Conjurations
   357 | D:1      | Learned a level 2 spell: Searing Ray
   996 | D:2      | Found a faded altar to an unknown god.
  1338 | D:2      | Reached XP level 3. HP: 19/19 MP: 3/9
  1563 | D:2      | Found a sparkling altar of Nemelex Xobeh.
  2280 | D:2      | Reached skill level 6 in Conjurations
  2648 | D:2      | Reached XP level 4. HP: 24/24 MP: 6/10
  2840 | D:3      | Noticed Ijyb
  2847 | D:3      | Killed Ijyb
  2951 | D:3      | Noticed Robin
  2957 | D:3      | Killed Robin
  2970 | D:3      | HP: 1/24 [poisoned by a worker ant]
  2970 | D:3      | Slain by a worker ant

Vault maps used:
D:1:      dpeg_arrival_solitude
D:2:      ecumenical_altar_1, nemelex_xobeh_ov_fountains_minmay
D:3:      first_bread, nrook_loot_triangle, uniq_natasha, uniq_terence,
          uniq_robin, uniq_iyjb

Action                   |  1- 3 |  4- 6 || total
-------------------------+-------+-------++-------
Melee: Unarmed           |     5 |    12 ||    17
 Cast: Magic Dart        |    72 |    23 ||    95
       Searing Ray       |     1 |     1 ||     2
  Eat: Chunk             |     5 |     1 ||     6
